 Dungeon Crawl Stone Soup version 0.26-a0-720-g2a1d101370 (webtiles) character file.

Game seed: 10048233413407481211

13440 robertstho the Severer (level 11, -9/148 (151) HPs)
             Began as a Minotaur Berserker on Nov 2, 2020.
             Was a High Priest of Trog.
             Mangled by a swamp worm (12 damage)
             ... on level 12 of the Dungeon.
             The game lasted 00:11:59 (11955 turns).

robertstho the Severer (Minotaur Berserker)        Turns: 11955, Time: 00:11:59

HP:   -9/148 (151)  AC:  8    Str: 24    XL:     11   Next: 75%
MP:   3/3           EV: 14    Int:  5    God:    Trog [*****.]
Gold: 717           SH:  5    Dex: 10    Spells: 10/10 levels left

rFire    . . .     SeeInvis .   B - +2 battleaxe (antimagic)
rCold    . . .     Faith    .   (shield currently unavailable)
rNeg     . . .     Spirit   .   f - +0 ring mail (curse)
rPois    .         Reflect  +   (helmet restricted)
rElec    .         Harm     .   (no cloak)
rCorr    .         Rampage  .   (no gloves)
MR       +....                  j - +0 pair of boots
Stlth    ..........             E - amulet of reflection
HPRegen  0.34/turn              d - ring of stealth
MPRegen  0.08/turn              b - ring of protection from magic

@: berserking, slow
A: retaliatory headbutt, horns 2
a: Berserk, Trog's Hand, Brothers in Arms, Renounce Religion


You were on level 12 of the Dungeon.
You worshipped Trog.
Trog was extremely pleased with you.
You visited 1 branch of the dungeon, and saw 12 of its levels.

You collected 717 gold pieces.

Inventory:

Hand Weapons
 m - a +4 antimagic war axe
 B - a +2 antimagic battleaxe (weapon)
 C - a +3 scimitar of flaming
Missiles
 e - 2 throwing nets (quivered)
 q - 7 curare-tipped darts
Armour
 c - a +0 chain mail of magic resistance
 f - a cursed +0 ring mail (worn)
 j - a +0 pair of boots (worn)
Jewellery
 b - a ring of protection from magic (right hand)
 d - a ring of stealth (left hand)
 r - an uncursed amulet of guardian spirit
 E - an amulet of reflection (around neck)
Wands
 v - a wand of polymorph (10)
 y - a wand of digging (5)
 z - a wand of iceblast (9)
Scrolls
 k - a scroll of enchant weapon
 n - a scroll of fear
 p - a scroll of identify
 x - 2 scrolls of magic mapping
 A - 3 scrolls of fog
Potions
 a - a potion of haste
 g - 5 potions of curing
 h - 6 potions of lignification
 i - a potion of cancellation {unknown}
 l - 4 potions of stabbing {unknown}
 o - 3 potions of mutation
 s - 5 potions of heal wounds
 t - a potion of resistance {unknown}
 u - 2 potions of invisibility
 w - a potion of magic
 D - a potion of degeneration {unknown}


   Skills:
 * Level 10.6 Fighting
 * Level 15.3 Axes
 * Level 9.7 Armour
 * Level 7.8 Dodging
 + Level 2.7 Stealth


You had 10 spell levels left.
You didn't know any spells.
Your spell library was empty.

Dungeon Overview and Level Annotations

Branches:
Dungeon (12/15)            Temple (0/1) D:6            Lair (0/6) D:9
    Orc (0/2) D:10

Altars:
Ashenzari
Elyvilon
Fedhas
Hepliaklqana
Makhleb
Okawaru
Qazlal
Ru
Trog
Uskayaw
Wu Jian
Xom
Yredelemnul
Zin

Shops:
D:11 =

Annotations:
D:5 , 1 runed translucent door


Innate Abilities, Weirdness & Mutations

You reflexively headbutt those who attack you in melee.
You have a pair of horns on your head.


Message History

You kill the swamp worm!
Trog accepts your kill.
You barely miss the swamp worm. You slash the swamp worm!
The swamp worm completely misses you. You furiously retaliate!
You headbutt the swamp worm.
Your unstable footing causes you to fumble your attack.
The swamp worm closely misses you. The swamp worm bites you!
Your unstable footing causes you to fumble your attack.
The swamp worm barely misses you. The swamp worm bites you!!
* * * LOW HITPOINT WARNING * * *
Your unstable footing causes you to fumble your attack.
The swamp worm bites you but does no damage.
Your unstable footing causes you to fumble your attack.
The swamp worm bites you!
* * * LOW HITPOINT WARNING * * *
Your unstable footing causes you to fumble your attack.
The swamp worm bites you!
* * * LOW HITPOINT WARNING * * *
The swamp worm bites you!
You die...

#####.# +.....###+##..#
......#####.............#
.......^................#
...........≈≈≈≈≈........#
..........≈≈≈≈≈≈≈.......#
........≈≈≈≈###≈≈≈≈.....#
.......≈≈≈###≈###≈≈≈....#
.......≈≈##≈≈)≈w#≈≈≈###.#
.......≈≈#≈≈≈≈≈w@≈≈≈# .#
##...##≈≈##≈≈≈≈≈#≈≈≈# #
#.....≈≈≈###(###≈≈≈#
#####..≈≈≈≈###≈≈≈≈##
##...≈≈≈≈≈≈≈###
###..≈≈≈≈≈## ##......#
########


You could see 2 swamp worms.

Vanquished Creatures
  Nessos (D:12)
  Erica (D:10)
  2 two-headed ogres (D:10)
  The ghost of jasper the Quickloader, a novice KoHu of Okawaru (D:7)
  A necromancer (D:11)
  A cyclops (D:11)
  2 centaur zombies
  A kobold demonologist (D:10)
  A demonic crawler (D:12)
  Prince Ribbit (D:6)
  A shadow (D:11)
  Sigmund (D:5)
  A wraith (D:10)
  6 yaks (D:11)
  Eustachio (D:4)
  Menkaure (D:6)
  The ghost of Whiskey the Chiller, an amateur DsIE (D:5)
  A swamp worm (D:12)
  8 sky beasts
  2 ice beasts (D:8)
  An orc warrior (D:10)
  4 black bears
  An eye of draining (D:10)
  A necrophage (D:8)
  10 ogres
  7 centaurs
  3 big kobolds
  A wyvern zombie (D:10)
  4 bullfrogs
  8 scorpions
  A water moccasin skeleton (D:5)
  6 killer bees (D:10)
  8 wights
  A howler monkey (D:8)
  3 quasits
  4 hounds
  5 orc priests
  2 bullfrog zombies
  2 centaur skeletons
  3 jellies
  A bullfrog skeleton (D:12)
  4 orc wizards
  2 iguanas (D:7)
  5 worker ants
  5 yak simulacra (D:11)
  A polar bear simulacrum (D:11)
  4 wolf simulacra (D:11)
  A mummy (D:5)
  A hound skeleton (D:10)
  2 worker ant zombies (D:5)
  A howler monkey zombie (D:7)
  12 gnolls
  19 adders
  3 white imps
  An ufetubus (D:5)
  3 oozes
  An adder zombie (D:9)
  3 adder skeletons
  A worm (D:3)
  A dart slug (D:2)
  5 leopard geckos
  26 orcs
  10 bats
  4 giant cockroaches
  9 hobgoblins
  6 jackals
  4 quokkas
  2 ball pythons
  7 frilled lizards
  13 goblins
  2 jackal skeletons
  21 kobolds
  2 kobold zombies (D:5)
  A leopard gecko skeleton (D:5)
  A quokka skeleton (D:8)
  8 rats
  A river rat simulacrum (D:11)
303 creatures vanquished.

Vanquished Creatures (collateral kills)
  An orc warrior (D:7)
  A phantom (D:7)
2 creatures vanquished.

Vanquished Creatures (others)
  3 fungi (D:4)
  7 plants
10 creatures vanquished.

Grand Total: 315 creatures vanquished

Notes
Turn   | Place    | Note
-------+----------+-------------------------------------------
     0 | D:1      | robertstho the Minotaur Berserker began the quest for the
                  | Orb.
     0 | D:1      | Reached XP level 1. HP: 19/19 MP: 0/0
   220 | D:1      | Reached XP level 2. HP: 26/27 MP: 1/1
   224 | D:1      | Reached skill level 4 in Axes
   787 | D:2      | Reached ** piety under Trog
   787 | D:2      | Reached XP level 3. HP: 24/33 MP: 2/2
   867 | D:2      | Found a broken altar of Ashenzari.
  1030 | D:2      | Reached XP level 4. HP: 34/41 MP: 3/3
  1174 | D:2      | Found a white marble altar of Elyvilon.
  1420 | D:2      | Reached skill level 5 in Axes
  1445 | D:2      | Reached XP level 5. HP: 38/47 MP: 4/4
  1453 | D:2      | Reached skill level 5 in Fighting
  1721 | D:2      | Found a hide-covered altar of Uskayaw.
  2212 | D:3      | Found a stormy altar of Qazlal.
  2255 | D:3      | Reached XP level 6. HP: 48/56 MP: 5/5
  2321 | D:3      | Reached *** piety under Trog
  2461 | D:3      | Reached skill level 6 in Axes
  3152 | D:4      | Noticed Eustachio
  3177 | D:4      | Killed Eustachio
  3177 | D:4      | Reached XP level 7. HP: 45/61 MP: 6/6
  3335 | D:4      | Reached skill level 7 in Axes
  3335 | D:4      | Reached skill level 5 in Armour
  3653 | D:4      | Reached **** piety under Trog
  3653 | D:4      | Reached skill level 8 in Axes
  3653 | D:4      | Reached XP level 8. HP: 70/70 MP: 7/7
  3734 | D:4      | Found a blossoming altar of Fedhas.
  3948 | D:4      | Found a burning altar of Makhleb.
  4125 | D:5      | Entered Level 5 of the Dungeon
  4176 | D:5      | Got an ancient war axe
  4176 | D:5      | Identified the +9 war axe of Havoc {drain, *Drain rF- MR+++
                  | SInv} (You found it on level 5 of the Dungeon)
  4186 | D:5      | Found a transporter.
  4190 | D:5      | Found a transporter.
  4190 | D:5      | Noticed Whiskey's ghost (amateur DsIE)
  4212 | D:5      | Found a runed translucent door.
  4449 | D:5      | Found a bloodstained altar of Trog.
  4486 | D:5      | You fall into a shaft and drop 1 floor!
  4491 | D:6      | Noticed Menkaure
  4498 | D:6      | Killed Menkaure
  4498 | D:6      | Reached skill level 5 in Dodging
  4526 | D:6      | Reached skill level 9 in Axes
  4735 | D:6      | Found a staircase to the Ecumenical Temple.
  4984 | D:6      | Noticed Prince Ribbit
  4988 | D:6      | Killed Prince Ribbit
  5319 | D:5      | Found a basalt altar of Yredelemnul.
  5442 | D:5      | Noticed Sigmund
  5452 | D:5      | Killed Sigmund
  5453 | D:5      | Reached skill level 10 in Axes
  5453 | D:5      | Reached XP level 9. HP: 79/79 MP: 8/8
  5467 | D:5      | Reached ***** piety under Trog
  5495 | D:5      | Reached skill level 1 in Stealth
  5617 | D:5      | Killed Whiskey's ghost
  6048 | D:7      | Received a gift from Trog
  6220 | D:7      | Reached skill level 11 in Axes
  6747 | D:7      | Found a runed translucent door.
  6748 | D:7      | Noticed jasper's ghost (novice KoHu)
  7106 | D:7      | Killed jasper's ghost
  7288 | D:8      | Reached XP level 10. HP: 81/88 MP: 3/9
  7373 | D:8      | Reached skill level 12 in Axes
  7654 | D:8      | Found a glowing silver altar of Zin.
  7772 | D:8      | Found a broken altar of Ashenzari.
  7775 | D:8      | Found a basalt altar of Yredelemnul.
  7778 | D:8      | Found an ornate altar of the Wu Jian Council.
  8174 | D:9      | Found a staircase to the Lair.
  8253 | D:9      | Found a sacrificial altar of Ru.
  8340 | D:9      | Found a hazy altar of Hepliaklqana.
  8791 | D:10     | Entered Level 10 of the Dungeon
  8800 | D:10     | Noticed Erica
  8816 | D:10     | Killed Erica
  8816 | D:10     | Reached skill level 13 in Axes
  9199 | D:10     | Found a staircase to the Orcish Mines.
  9424 | D:10     | Noticed a two-headed ogre
  9426 | D:10     | Noticed a rust devil
  9436 | D:10     | Killed a two-headed ogre
  9436 | D:10     | Reached XP level 11. HP: 95/95 MP: 3/10
  9536 | D:10     | Reached skill level 14 in Axes
  9680 | D:10     | Found a blossoming altar of Fedhas.
  9682 | D:10     | Found a sacrificial altar of Ru.
  9682 | D:10     | Found a glowing golden altar of the Shining One.
  9684 | D:10     | Found an iron altar of Okawaru.
  9684 | D:10     | Found a sacrificial altar of Ru.
  9684 | D:10     | Found a shimmering altar of Xom.
  9712 | D:10     | Noticed a two-headed ogre
  9720 | D:10     | Killed a two-headed ogre
 10065 | D:11     | Found Yptedu's Jewellery Boutique.
 10368 | D:11     | Reached skill level 10 in Fighting
 11015 | D:11     | Noticed a necromancer
 11023 | D:11     | Killed a necromancer
 11604 | D:12     | Reached skill level 15 in Axes
 11734 | D:12     | Noticed Nessos
 11750 | D:12     | Killed Nessos
 11750 | D:12     | Received a gift from Trog
 11955 | D:12     | HP: 3/148 [swamp worm (12)]
 11955 | D:12     | Mangled by a swamp worm

Illustrated notes

Levels and vault maps discovered:
D:1:      minmay_arrival_four_houses, layout_loops_ring, minmay_cupped
D:2:      minmay_chambers_of_twos, layout_basic, old_standard_altar,
          eat_drink_and_be_merry_uskayaw, evilmike_ruin_ashenzari
D:3:      layout_loops_corners, grunt_qazlal_sundering,
          minmay_fractal_squares_gapless_5
D:4:      layout_cave_pods, fedhas_altar_3, hangedman_decor_peaks_small,
          chequers_mini_garden, bloody_makhleb, uniq_eustachio
D:5:      layout_basic, kennysheep_little_box, gammafunk_ghost_mausoleum,
          dk_yredelemnul_ordeal, uniq_sigmund
D:6:      layout_loops_ring, minmay_temple_entry_poolview, uniq_menkaure,
          uniq_prince_ribbit1
D:7:      layout_rooms, ebering_ghost_reflecting_pool
D:8:      layout_loops_ring, grunt_temple_overflow_diamond, zin_statuary
D:9:      layout_basic, overflow_temple_1_default, lemuel_doored_altar,
          lair_entry_dummy
D:10:     minmay_bloctagon_deflated, layout_long_grid, orc_0_dummy,
          doesnt_xom_only_xom, uniq_erica
D:11:     layout_basic, serial_shops, nicolae_shop_behind_doors,
          eino_house_with_fridge
D:12:     layout_irregular_city, chequers_serial_rivers_micro_c, worms_lemuel,
          uniq_nessos, uniq_sonja

Skill      XL: |  1  2  3  4  5  6  7  8  9 10 11 |
---------------+----------------------------------+-----
Axes           | 4 5 6 8 10 11 13 15 | 15.3
Fighting       | 4 5 6 7 8 9 10 | 10.6
Armour         | 3 4 5 6 8 9 |  9.7
Dodging        | 3 4 5 6 7 |  7.8
Stealth        | 1 2 |  2.7

Action                   |  1- 3 |  4- 6 |  7- 9 | 10-12 || total
-------------------------+-------+-------+-------+-------++-------
Melee: Hand axe          |    51 |   147 |    59 |       ||   257
       Headbutt          |     7 |    18 |    40 |    49 ||   114
       War axe           |       |       |   131 |   270 ||   401
       Battleaxe         |       |       |       |    11 ||    11
Invok: Berserk           |     1 |     3 |     6 |     5 ||    15
       Brothers in Arms  |       |       |     1 |       ||     1
  Use: Scroll            |     2 |       |     7 |     7 ||    16
 Stab: Sleeping          |       |     1 |     1 |    10 ||    12
       Distracted        |       |       |     1 |       ||     1
Armor: Animal skin       |     2 |       |       |       ||     2
       Ring mail         |     8 |    57 |    44 |    70 ||   179
Dodge: Dodged            |    36 |    92 |   120 |   159 ||   407
Block: Other             |       |       |       |    17 ||    17
       Reflection        |       |       |       |     1 ||     1

Table legend: (Time is in decaauts)
 A = Elapsed time spent in this place.
 B = Non-inter-level travel time spent in this place.
 C = Inter-level travel time spent in this place.
 D = Time resting spent in this place.
 E = Time spent auto-exploring this place.
 F = Levels seen in this place.
 G = Mean time per level.
                   A        B        C        D        E       F      G
               +--------+--------+--------+--------+--------+-----+--------+
         Total |  12050 |  11516 |    534 |    192 |   9683 |  12 | 1004.2 |
       Dungeon |  12050 |  11516 |    534 |    192 |   9683 |  12 | 1004.2 |
               +--------+--------+--------+--------+--------+-----+--------+

Top non-repeatable levels by time:
     D:2: 1429 daAuts
    D:11: 1299 daAuts
    D:10: 1241 daAuts
     D:7: 1199 daAuts
     D:3: 1078 daAuts
     D:4: 1034 daAuts
     D:5: 978 daAuts
     D:8: 962 daAuts
     D:6: 852 daAuts
     D:1: 725 daAuts
     D:9: 646 daAuts
    D:12: 604 daAuts
